 Dungeon Crawl Stone Soup version 0.30-a0-737-gf23d94013f (webtiles) character file.

Game seed: 14756437347059443804

315 Dittersdorf the Shield-Bearer (level 6, -1/39 HPs)
             Began as a Gargoyle Fighter on Feb 1, 2023.
             Frozen to death by an endoplasm (2 damage)
             ... on level 4 of the Dungeon.
             The game lasted 00:03:52 (2705 turns).

Dittersdorf the Shield-Bearer (Gargoyle Fighter)    Turns: 2705, Time: 00:03:53

Health: -1/39      AC: 14    Str: 21    XL:     6   Next: 43%
Magic:  6/6        EV:  9    Int:  9    God:
Gold:   97         SH:  4    Dex:  9    Spells: 5/5 levels left

rFire   . . .      SeeInvis .    r - +3 whip (elec)
rCold   . . .      Faith    .    c - +0 buckler
rNeg    + . .      Spirit   .    b - +0 scale mail
rPois   ∞          Reflect  .    q - +0 helmet
rElec   +          Harm     .    (no cloak)
rCorr   .          Rampage  .    e - +0 pair of gloves
Will    .....                    (no boots) Stlth
                                 (no amulet)
HPRegen 0.26/turn                (no ring)
MPRegen 0.10/turn                (no ring)

@: slowed, very slow
A: sickness immunity, AC +4, negative energy resistance 1, electricity
resistance, torment resistance 1, petrification resistance
a: no special abilities


You were on level 4 of the Dungeon.
You visited 1 branch of the dungeon, and saw 4 of its levels.

You collected 97 gold pieces.

Inventory:

Hand Weapons
 r - a +3 whip of electrocution (weapon)
 y - a +0 morningstar
Missiles
 l - 7 poisoned darts (quivered)
Armour
 b - a +0 scale mail (worn)
 c - a +0 buckler (worn)
 e - a +0 pair of gloves (worn)
 q - a +0 helmet (worn)
 t - a +0 plate armour
Wands
 x - a wand of iceblast (12)
Scrolls
 g - a scroll of teleportation {unknown}
 i - 2 scrolls of vulnerability {unknown}
 k - a scroll of immolation {unknown}
 m - a scroll of identify {unknown}
 n - a scroll of blinking {unknown}
 s - a scroll of enchant armour {unknown}
 u - a scroll of silence {unknown}
 v - 2 scrolls of noise {unknown}
Potions
 d - 2 potions of might
 f - 2 potions of resistance {unknown}
 h - 2 potions of heal wounds {unknown}
 j - a potion of degeneration {unknown}
 o - 3 potions of curing {unknown}
 p - a potion of invisibility {unknown}
 w - a potion of attraction {unknown}


   Skills:
 + Level 4.7 Fighting
 + Level 3.6 Maces & Flails
 + Level 4.8 Armour
 + Level 4.8 Shields


You had 5 spell levels left.
You didn't know any spells.
Your spell library contained the following spells:

 Spells                   Type           Power      Damage    Failure   Level
 Shock                    Conj/Air       0%         1d3       80%         1
 Swiftness                Air            0%         N/A       99%         3
 Airstrike                Air            0%         2d(0-16)  100%        4
 Iskenderun's Battlesphe  Conj           0%         2d6       100%        5
 Iron Shot                Conj/Erth      0%         9d1       100%        6
 Spellforged Servitor     Conj/Summ      0%         N/A       100%        7


Dungeon Overview and Level Annotations

Branches:
Dungeon (4/15)
 Temple: D:4-7

Altars:
Elyvilon

Annotations:
D:4 Dowan, Duvessa, Natasha


Innate Abilities, Weirdness & Mutations

You are immune to sickness and miasma.
Your stone body is resilient. (AC +4)
You are immune to poison.
You resist negative energy. (rN+)
You are resistant to electric shocks. (rElec)
You are resistant to unholy torment.
You are immune to petrification.


Message History

You feel yourself slow down. The endoplasm freezes you.
You are frozen.
The endoplasm attacks as you move away!
The endoplasm hits you but does no damage.
The endoplasm freezes you.
You are frozen.
Natasha casts a spell.
You hear a shout!
The shadow imp shouts!
You hear a shout!
Dowan, Brother of Duvessa comes into view.
He is wielding a +0 dagger.
The endoplasm freezes you.
You are frozen.
* * * LOW HITPOINT WARNING * * *
The endoplasm closely misses you. The endoplasm attacks as you move away!
The endoplasm closely misses you. The endoplasm attacks as you move away!
The endoplasm completely misses you. The endoplasm attacks as you move away!
The endoplasm hits you but does no damage.
You block the endoplasm's attack.
The endoplasm hits you but does no damage.
The shadow imp grins evilly.
The endoplasm attacks as you move away! You block the endoplasm's attack.
The endoplasm freezes you.
You are frozen.
* * * LOW HITPOINT WARNING * * *
Natasha wildly gestures.
You feel troubled.
Natasha mumbles some strange words.
The endoplasm freezes you.
You are frozen.
* * * LOW HITPOINT WARNING * * *
The endoplasm attacks as you move away! You block the endoplasm's attack.
Dowan mumbles some strange words.
Dowan blinks!
There is a stone staircase leading up here.
Natasha claws you.
* * * LOW HITPOINT WARNING * * *
The endoplasm freezes you.
You are frozen.
You die...

...#...##
........## ##..
.........# .<...<
.!.......##.....#
.........##[...##
.# ................
#.. #....#.....#
....
#...@h....###..#
###..Je........##
##...#.5.........
.......J.5......_..
........##..###...
..!.....###.[#
.......## #..#
......# #..##
.....#####...###...


You could see Duvessa, Natasha, a crimson imp (summoned), a shadow imp
(summoned) and 2 endoplasms.

Vanquished Creatures
  A black bear (D:3)
  An orc priest (D:2)
  An iguana (D:3)
  3 orc wizards (D:3)
  2 adders (D:3)
  7 orcs
  5 endoplasms
  3 giant cockroaches
  9 goblins
  6 hobgoblins
  5 jackals
  2 quokkas
  8 ball pythons
  6 bats
  A frilled lizard (D:3)
  8 kobolds
  5 rats
73 creatures vanquished.

Notes
Turn   | Place    | Note
-------+----------+-------------------------------------------
     0 | D:1      | Dittersdorf the Gargoyle Fighter began the quest for the
                  | Orb.
     0 | D:1      | Reached XP level 1. HP: 14/14 MP: 1/1
    80 | D:1      | Reached XP level 2. HP: 12/19 MP: 2/2
   395 | D:1      | Found a faded altar of an unknown god.
   767 | D:1      | Reached XP level 3. HP: 23/23 MP: 3/3
  1875 | D:2      | Reached XP level 4. HP: 29/29 MP: 4/4
  2033 | D:3      | Noticed a black bear
  2042 | D:3      | Killed a black bear
  2043 | D:3      | Reached XP level 5. HP: 32/34 MP: 5/5
  2099 | D:3      | Reached XP level 6. HP: 9/39 MP: 6/6
  2681 | D:4      | Found a white marble altar of Elyvilon.
  2688 | D:4      | Noticed Natasha
  2690 | D:4      | Noticed Duvessa
  2697 | D:4      | Noticed Dowan
  2705 | D:4      | HP: 1/39 [Natasha (6)]
  2705 | D:4      | Frozen to death by an endoplasm

Illustrated notes

Levels and vault maps discovered:
D:1:      wander_arrival_chamber, layout_loops_corners,
          hellmonk_ecumenical_altar_crossroads, minmay_tree_intersection
D:2:      layout_basic, hangedman_decor_clover_reticule
D:3:      layout_rooms
D:4:      layout_rooms, overflow_temple_1_default, serial_forest,
          infiniplex_forest_lined_corner, infiniplex_forest_zigzag_1,
          infiniplex_forest_end_2, infiniplex_forest_lined_2,
          infiniplex_forest_end_1, infiniplex_forest_clump_diagonal,
          infiniplex_forest_clump_diagonal, infiniplex_forest_lined_corner,
          infiniplex_forest_lined_room_, nicolae_goblin_pals, uniq_natasha,
          uniq_menkaure, uniq_duvessa

Skill      XL: |  1  2  3  4 |
---------------+-------------+-----
Armour         | 4 |  4.8
Shields        | 4 |  4.8
Fighting       | 4 |  4.7
Maces & Flails | 3 |  3.6

Action                     |  1- 3 |  4- 6 || total
---------------------------+-------+-------++-------
  Melee: Flail             |   155 |     5 ||   160
         Whip              |       |    79 ||    79
  Throw: Dart              |       |     5 ||     5
 Armour: Scale mail        |   106 |    55 ||   161
  Dodge: Dodged            |    78 |    40 ||   118
  Block: Buckler           |    42 |    19 ||    61

Table legend: (Time is in decaauts)
 A = Elapsed time spent in this place.
 B = Non-inter-level travel time spent in this place.
 C = Inter-level travel time spent in this place.
 D = Time resting spent in this place.
 E = Time spent auto-exploring this place.
 F = Levels seen in this place.
 G = Mean time per level.
                   A        B        C        D        E       F      G
               +--------+--------+--------+--------+--------+-----+--------+
         Total |   2764 |   2617 |    147 |    523 |   1500 |   4 |  691.0 |
       Dungeon |   2764 |   2617 |    147 |    523 |   1500 |   4 |  691.0 |
               +--------+--------+--------+--------+--------+-----+--------+

Top non-repeatable levels by time:
     D:1: 1068 daAuts
     D:2: 943 daAuts
     D:3: 711 daAuts
     D:4: 41 daAuts
